 Dungeon Crawl Stone Soup version 0.19.4-12-gccf7e64 (webtiles) character file.

126551 zidoval the Severer (level 16, -5/155 HPs)
             Began as a Minotaur Fighter on Feb 24, 2017.
             Was the Champion of Okawaru.
             Slain by a ghost moth (6 damage)
             ... on level 4 of the Spider Nest on Feb 27, 2017.
             The game lasted 01:47:35 (21807 turns).

zidoval the Severer (Minotaur Fighter)             Turns: 21807, Time: 01:47:36

Health: -5/155     AC: 28    Str: 28 (33) XL:     16   Next: 44%
Magic:  0/15       EV:  8    Int:  4 (5)  God:    Okawaru [******]
Gold:   1875       SH:  0    Dex: 14      Spells: 0 memorised, 15 levels left

rFire  + . .     SeeInvis .     H - +2 broad axe of Vautamipp {freeze, rC++}
rCold  + + +     Gourm    .     n - +1 plate armour of Wooroag {-Cast rC+ Regen+ Dex+2}
rNeg   . . .     Faith    .     O - +0 shield {reflect}
rPois  +         Spirit   .     V - +2 hat of Mosialiv {rElec MR+ Stlth-}
rElec  +         Reflect  +     U - +1 cloak {rPois}
rCorr  .         Harm     .     Q - +1 pair of gloves {archery}
MR     ++...     NoCast   +     a - +0 pair of boots of Inviolability {Regen+ Str+2 Slay+2}
Stlth  ..........               z - amulet of regeneration
                                W - ring of poison resistance
                                Y - +3 ring of strength

@: confused, lethally poisoned (-5 -> -5)
A: retaliatory headbutt, horns 2, rugged brown scales 1, fire resistance 1,
strong 1
a: Heroism, Finesse, Renounce Religion


You were on level 4 of the Spider Nest.
You worshipped Okawaru.
Okawaru was exalted by your worship.
You were hungry.

You visited 5 branches of the dungeon, and saw 25 of its levels.
You visited 1 bazaar.
You also visited: Sewer and Ice Cave.

You collected 1875 gold pieces.

Inventory:

Hand Weapons
 H - the +2 broad axe of Vautamipp (weapon) {freeze, rC++}
   (You found it on level 6 of the Dungeon)

   It has been specially enchanted to freeze those struck by it, causing extra
   injury to most foes and up to half again as much damage against particularly
   susceptible opponents.
   It can also slow down cold-blooded creatures.
   It greatly protects you from cold.
Armour
 a - the +0 pair of boots of Inviolability (worn) {Regen+ Str+2 Slay+2}
   (Okawaru gifted it to you on level 10 of the Dungeon)

   It affects your strength (+2).
   It affects your accuracy and damage with ranged weapons and melee attacks
   (+2).
   It increases your rate of regeneration.
 n - the +1 plate armour of Wooroag (worn) {-Cast rC+ Regen+ Dex+2}
   (Okawaru gifted it to you on level 3 of the Lair of Beasts)

   It affects your dexterity (+2).
   It protects you from cold.
   It prevents spellcasting.
   It increases your rate of regeneration.
 t - a +2 pair of gloves
 K - a +2 plate armour of fire resistance
 M - a +3 plate armour of poison resistance
 O - a +0 shield of reflection (worn)
 P - a +2 large shield of fire resistance
 Q - a +1 pair of gloves of archery (worn)
 U - a +1 cloak of poison resistance (worn)
 V - the +2 hat of Mosialiv (worn) {rElec MR+ Stlth-}
   (You found it in an ice cave)

   It insulates you from electricity.
   It affects your resistance to hostile enchantments.
   It makes you less stealthy.
Jewellery
 b - a +4 ring of evasion
 e - a cursed amulet of inaccuracy {unknown}
 h - an uncursed ring of protection from magic {unknown}
 q - an uncursed ring of protection from fire
 x - an uncursed ring of protection from cold {unknown}
 z - an amulet of regeneration (around neck)
 I - a +3 ring of protection {unknown}
 W - a ring of poison resistance (right hand)
 Y - a +3 ring of strength (left hand)
Wands
 c - a wand of flame (27/48)
 A - a wand of acid (12/15)
 D - a wand of disintegration (11/24)
 N - a wand of paralysis (18/24)
 S - a wand of digging (5/24)
 X - a wand of iceblast (8/15)
Scrolls
 g - 9 scrolls of remove curse
 i - 9 scrolls of enchant armour
 k - 2 scrolls of identify
 l - 5 scrolls of blinking
 p - 3 scrolls of fear
 y - 9 scrolls of magic mapping
 C - a scroll of recharging
 E - 8 scrolls of teleportation
 J - 4 scrolls of enchant weapon
 L - 2 scrolls of amnesia
 Z - 2 scrolls of holy word
Potions
 d - 6 potions of might
 j - 8 potions of heal wounds
 o - 3 potions of agility
 w - a potion of berserk rage
 B - 9 potions of curing
 F - 5 potions of haste
 G - 4 potions of flight
 R - a potion of resistance
Books
 r - a book of Frost

   Spells                             Type                      Level
   a - Freeze                         Ice                          1
   b - Throw Frost                    Conjuration/Ice              2
   c - Ozocubu's Armour               Charms/Ice                   3
   d - Throw Icicle                   Conjuration/Ice              4
   e - Summon Ice Beast               Ice/Summoning                4
Comestibles
 f - a bread ration
 m - 9 fruits
 s - 3 meat rations
 u - 5 chunks of flesh
 v - 13 beef jerkies


   Skills:
 + Level 15.8 Fighting
 * Level 20.8 Axes
 + Level 15.8 Armour
 + Level 15.9 Shields


You had 15 spell levels left.
You didn't know any spells.

Dungeon Overview and Level Annotations

Branches:
Dungeon (15/15)            Temple (1/1) D:4            Lair (4/6) D:9
 Shoals (0/4) Lair:4       Spider (4/4) Lair:4          Orc (1/2) D:10
 Vaults (0/5) D:13         Depths (0/5) D:15

Altars:
Ashenzari
Cheibriados
Dithmenos
Elyvilon
Fedhas
Hepliaklqana
Makhleb
Okawaru
Qazlal
Ru
Trog
Uskayaw
Xom
Yredelemnul
Zin
The Shining One

Portals:
Volcano: Lair:3

Annotations:
D:4 Duvessa
D:14 exclusion: Roxanne, Roxanne
Spider:4 Arachne, Jorgrun


Innate Abilities, Weirdness & Mutations

You reflexively headbutt those who attack you in melee.
You have a pair of horns on your head.
You are partially covered in rugged brown scales. (AC +1, +3% HP)
Your flesh is heat resistant. (rF+)
Your muscles are strong. (Str +2)


Message History

You feel you are being watched by something.
You feel your power leaking away.
Something hits you but does no damage. x2
Something stings you but does no damage.
The jumping spider leaps!
Something hits you but does no damage. Something hits you.
* * * LOW HITPOINT WARNING * * *
Something stings you but does no damage.
Jorgrun closely misses you.
You closely miss something. You slash the redback! You freeze the redback.
You hit Jorgrun but do no damage. You hit something but do no damage.
You feel sick.
You feel you are being watched by something.
Something hits you but does no damage. Something hits you!
* * * LOW HITPOINT WARNING * * *
You feel weakened.
Something stings you but does no damage.
You feel you are being watched by something.
Something hits you.
You die...

##..##......######
#^.#####.#.##..#
#....#######..## ###...#
#.## #. #.^.^.# #.# ...
....#### #.# ...^
#..##..## ##.# ....#
##...^..###.^#######......
#...##...#....H@{ss......
#######...§...{gsss§.^...
##.^....s.ss'......
##...#######.§.^.. ###.#
.....# #.# ...... #.#
##... #.# ##s


You could see Arachne, Jorgrun, a demonic crawler, a wolf spider, 2 orb spiders,
a jumping spider, 2 tarantellas and a redback.

Vanquished Creatures
  Nikola (Spider:4)
  The ghost of Laauton the Severer, an adept MiBe of Trog (Spider:3)
  Donald (Spider:1)
  An emperor scorpion (Spider:3)
  An entropy weaver (Spider:1)
  A spark wasp (Spider:3)
  2 blizzard demons (IceCv)
  A fire dragon (shapeshifter) (D:15)
  2 fire dragons (D:15)
  The ghost of eXcel the Basher, a novice OgBe of Trog (D:7)
  An ice dragon (D:15)
  3 hydras
  A death knight (D:15)
  3 centaur warriors
  Erica (D:8)
  The ghost of flsc the Cleaver, a novice MiFi of Makhleb (D:9)
  5 death yaks (Lair:3)
  3 tengu warriors (D:13)
  The ghost of emsyzz the Cleaver, a novice HOFi of Beogh (D:8)
  A deep elf knight (D:13)
  8 skeletal warriors
  3 unseen horrors
  2 deep elf magi
  8 hill giants
  A necromancer (D:13)
  17 wolf spiders
  17 orb spiders
  3 orc sorcerers (Orc:1)
  7 cyclopes
  18 ugly things
  An ice statue (IceCv)
  A manticore (D:14)
  A centaur zombie (D:14)
  2 moths of wrath (Spider:3)
  3 sirens (Lair:4)
  3 black mambas
  Joseph (D:8)
  2 torpor snails (Spider:1)
  Psyche (D:8)
  2 spiny frogs
  A spiny frog (shapeshifter) (D:13)
  A freezing wraith (IceCv)
  A rime drake (Lair:3)
  2 komodo dragons
  7 ice devils (IceCv)
  12 demonic crawlers
  2 anaconda simulacra (IceCv)
  2 golden dragon simulacra (IceCv)
  4 polar bears (Lair:2)
  A tengu conjurer (D:13)
  3 trolls
  6 meliai
  4 hornets
  A merfolk (Lair:4)
  A two-headed ogre (D:14)
  9 hippogriffs
  29 jumping spiders
  3 wolf spider simulacra (IceCv)
  6 slime creatures
  52 redbacks
  A vampire (D:10)
  4 shadows
  33 tarantellas
  36 yaks
  2 wraiths
  4 fire bats (D:10)
  4 water elementals (D:15)
  3 wyverns
  6 dire elephant simulacra (IceCv)
  23 humans
  2 hungry ghosts
  A death yak simulacrum (IceCv)
  2 mottled dragons
  2 wargs (D:10)
  An iron troll simulacrum (IceCv)
  A hell hound (D:10)
  2 hydra simulacra (IceCv)
  5 water moccasins
  4 porcupines
  2 sky beasts
  2 ettin simulacra (IceCv)
  3 eyes of draining
  11 orc warriors
  6 ice beasts
  3 phantoms
  2 black bears
  10 ogres
  5 wolves (Lair:2)
  12 crocodiles
  13 centaurs
  4 big kobolds
  11 bullfrogs
  A wyvern zombie (D:15)
  Dowan (D:4)
  2 scorpions
  15 killer bees
  7 wights
  A swamp dragon simulacrum (IceCv)
  3 electric eels (D:15)
  13 crimson imps
  4 howler monkeys
  2 lava snakes (D:10)
  4 bullfrog zombies
  2 draconian simulacra (IceCv)
  8 hounds
  A quasit (D:11)
  5 centaur skeletons
  3 jellies
  8 orc priests
  A gnoll shaman (D:10)
  12 orc wizards
  3 bullfrog skeletons
  4 iguanas
  5 troll simulacra (IceCv)
  3 spriggan simulacra (IceCv)
  6 worker ants
  A wolf simulacrum (IceCv)
  2 centaur simulacra (IceCv)
  A hound zombie (D:6)
  A hound skeleton (D:8)
  A worker ant zombie (D:6)
  15 adders
  11 gnolls
  A naga simulacrum (IceCv)
  An ogre simulacrum (IceCv)
  A shadow imp (D:8)
  4 white imps (IceCv)
  3 ufetubi (IceCv)
  3 oozes (Sewer)
  2 adder zombies
  3 adder skeletons
  4 worms
  3 dart slugs (D:1)
  2 leopard geckos
  52 orcs
  4 ball pythons (Sewer)
  8 bats
  6 giant cockroaches
  8 goblins
  10 hobgoblins
  8 jackals
  17 kobolds
  4 quokkas
  2 frilled lizards (D:2)
  19 rats
  A fire vortex (D:10)
  7 fungi
  2 plants (Lair:2)
821 creatures vanquished.

Vanquished Creatures (others)
  Kirke (D:13)
  3 humans (D:13)
  2 fire vortices (D:10)
  A fungus (Lair:2)
  A plant (Lair:2)
8 creatures vanquished.

Grand Total: 829 creatures vanquished

Notes
Turn   | Place    | Note
-------+----------+-------------------------------------------
     0 | D:1      | zidoval the Minotaur Fighter began the quest for the Orb.
     0 | D:1      | Reached XP level 1. HP: 19/19 MP: 0/0
   129 | D:1      | Reached XP level 2. HP: 10/27 MP: 1/1
   327 | D:1      | Reached skill level 3 in Axes
   621 | D:1      | Reached XP level 3. HP: 33/33 MP: 2/2
   918 | D:2      | Found a blossoming altar of Fedhas.
  1528 | D:3      | Reached XP level 4. HP: 39/41 MP: 3/3
  1733 | D:3      | Reached skill level 4 in Axes
  1805 | D:3      | Found a shadowy altar of Dithmenos.
  2306 | D:4      | Found a staircase to the Ecumenical Temple.
  2311 | Temple   | Entered the Ecumenical Temple
  2361 | Temple   | Became a worshipper of Warmaster Okawaru
  2434 | D:4      | Reached XP level 5. HP: 47/47 MP: 4/4
  2609 | D:4      | Noticed Dowan
  2625 | D:4      | Killed Dowan
  2625 | D:4      | Reached skill level 5 in Fighting
  2625 | D:4      | Reached skill level 5 in Axes
  2630 | D:4      | Noticed Duvessa
  2739 | D:4      | Reached XP level 6. HP: 55/56 MP: 5/5
  2743 | D:4      | Reached * piety under Okawaru
  2743 | D:4      | Reached skill level 5 in Shields
  2969 | D:4      | Reached skill level 5 in Armour
  3188 | D:5      | Entered Level 5 of the Dungeon
  3266 | D:5      | Noticed an ice beast
  3271 | D:5      | Reached skill level 6 in Axes
  3275 | D:5      | Killed an ice beast
  3275 | D:5      | Reached XP level 7. HP: 46/61 MP: 6/6
  3388 | D:5      | Found a bloodstained altar of Trog.
  3908 | D:5      | Found a stormy altar of Qazlal.
  4071 | D:5      | Reached skill level 7 in Axes
  4272 | D:6      | Reached ** piety under Okawaru
  4379 | D:6      | Reached XP level 8. HP: 70/70 MP: 7/7
  4450 | D:6      | Found a glowing golden altar of the Shining One.
  4514 | D:6      | Got an ivory broad axe
  4515 | D:6      | Identified the +2 broad axe of Vautamipp {freeze, rC++} (You found it on level 6 of the Dungeon)
  4534 | D:6      | Found a glowing drain.
  4572 | Sewer    | Entered a sewer
  4853 | Sewer    | Reached skill level 8 in Axes
  5128 | D:6      | Found a hide-covered altar of Uskayaw.
  5165 | D:6      | Found an iron altar of Okawaru.
  5185 | D:6      | Reached *** piety under Okawaru
  5360 | D:7      | Reached skill level 9 in Axes
  5519 | D:7      | Noticed eXcel's ghost (novice OgBe)
  5813 | D:7      | Reached XP level 9. HP: 70/79 MP: 8/8
  5928 | D:7      | Killed eXcel's ghost
  5928 | D:7      | Reached skill level 10 in Axes
  6041 | D:8      | Identified the Volume of Patterns
  6144 | D:8      | Noticed Erica
  6156 | D:8      | Killed Erica
  6156 | D:8      | Reached **** piety under Okawaru
  6156 | D:8      | Reached skill level 11 in Axes
  6252 | D:8      | Noticed emsyzz's ghost (novice HOFi)
  6265 | D:8      | Killed emsyzz's ghost
  6265 | D:8      | Reached XP level 10. HP: 90/90 MP: 7/9
  6418 | D:8      | Noticed Psyche
  6420 | D:8      | Killed Psyche
  6479 | D:8      | Noticed Joseph
  6486 | D:8      | Killed Joseph
  6486 | D:8      | Reached ***** piety under Okawaru
  6486 | D:8      | Reached skill level 12 in Axes
  6525 | D:8      | Found a snail-covered altar of Cheibriados.
  6996 | D:9      | Found a shimmering altar of Xom.
  6997 | D:9      | Found a shimmering altar of Xom.
  6998 | D:9      | Found a shimmering altar of Xom.
  7073 | D:9      | Found a white marble altar of Elyvilon.
  7261 | D:9      | Received a gift from Okawaru
  7420 | D:9      | Found a basalt altar of Yredelemnul.
  7608 | D:9      | Noticed flsc's ghost (novice MiFi)
  7626 | D:9      | Reached XP level 11. HP: 99/99 MP: 10/10
  7658 | D:9      | Killed flsc's ghost
  7658 | D:9      | Reached skill level 13 in Axes
  7753 | D:9      | Found a staircase to the Lair.
  7918 | D:9      | Found a shattered altar of Ashenzari.
  7975 | D:10     | Entered Level 10 of the Dungeon
  7982 | D:10     | Reached skill level 10 in Shields
  8003 | D:10     | Reached skill level 10 in Fighting
  8040 | D:10     | Found a staircase to the Orcish Mines.
  8224 | D:10     | Reached skill level 10 in Armour
  8334 | D:10     | Reached ****** piety under Okawaru
  8498 | D:10     | Noticed a hill giant
  8501 | D:10     | Noticed a hill giant
  8515 | D:10     | Found a sacrificial altar of Ru.
  8525 | D:10     | Killed a hill giant
  8525 | D:10     | Received a gift from Okawaru
  8525 | D:10     | Reached skill level 14 in Axes
  8525 | D:10     | Killed a hill giant
  8537 | D:10     | Got a pair of warped boots {god gift}
  8540 | D:10     | Identified the +0 pair of boots of Inviolability {Regen+ Str+2 Slay+2} (Okawaru gifted it to you on level 10 of the Dungeon)
  9027 | D:10     | Got a scorched great mace
  9072 | Orc:1    | Entered Level 1 of the Orcish Mines
  9076 | Orc:1    | Noticed an orc sorcerer
  9077 | Orc:1    | Paralysed by an orc sorcerer for 7 turns
  9086 | Orc:1    | Noticed a sun demon
  9088 | Orc:1    | Killed an orc sorcerer
  9261 | Orc:1    | Noticed an orc sorcerer
  9277 | Orc:1    | Killed an orc sorcerer
  9537 | Orc:1    | Noticed an orc sorcerer
  9539 | Orc:1    | Noticed an orc knight
  9541 | Orc:1    | Noticed an orc sorcerer
  9543 | Orc:1    | Killed an orc sorcerer
  9552 | Orc:1    | Noticed a sixfirhy
  9743 | D:11     | Noticed a white ugly thing
  9749 | D:11     | Killed a white ugly thing
  9749 | D:11     | Reached XP level 12. HP: 79/110 MP: 11/11
 10380 | D:11     | Gained mutation: Your flesh is heat resistant. (rF+) [potion of mutation]
 10380 | D:11     | Gained mutation: You are partially covered in rugged brown scales. (AC +1, +3% HP) [potion of mutation]
 10380 | D:11     | Gained mutation: Your muscles are strong. (Str +2) [potion of mutation]
 10575 | D:12     | Reached skill level 15 in Axes
 10967 | D:12     | Received a gift from Okawaru
 10987 | D:12     | Got a polished hat {god gift}
 10988 | D:12     | Identified the +0 hat of Botasos {rPois} (Okawaru gifted it to you on level 12 of the Dungeon)
 11159 | D:13     | Noticed a centaur warrior
 11165 | D:13     | Noticed Kirke
 11190 | D:13     | Killed Kirke
 11265 | D:13     | Reached skill level 16 in Axes
 11379 | D:13     | Reached XP level 13. HP: 118/121 MP: 12/12
 11628 | D:13     | Received a gift from Okawaru
 11654 | D:13     | Found a gate to the Vaults.
 12020 | D:13     | Reached skill level 17 in Axes
 12388 | D:14     | Received a gift from Okawaru
 12695 | D:14     | Noticed Roxanne
 12827 | D:14     | Found a flickering gateway to a bazaar.
 12832 | Bazaar   | Entered a bazaar
 12832 | Bazaar   | Found Fuh Tuim's Antique Weapon Boutique.
 12839 | Bazaar   | Found Onnuacut's Antique Armour Emporium.
 12847 | Bazaar   | Found Kiuh's General Store.
 12858 | Bazaar   | Found Jegurunoh's Jewellery Boutique.
 12881 | Bazaar   | Found Ismua's Magic Scroll Shoppe.
 13159 | D:15     | Entered Level 15 of the Dungeon
 13311 | D:15     | Reached XP level 14. HP: 132/132 MP: 13/13
 13505 | D:14     | Received a gift from Okawaru
 13508 | D:14     | Got a pair of heavily runed boots {god gift}
 13509 | D:14     | Identified the +0 pair of boots of the Marlin {rC+ Int+4} (Okawaru gifted it to you on level 14 of the Dungeon)
 13720 | D:15     | Reached skill level 18 in Axes
 13730 | D:15     | Found a staircase to the Depths.
 14634 | D:12     | Upgraded the game from 0.19.4-10-g532645f to 0.19.4-12-gccf7e64
 14766 | Lair:1   | Entered Level 1 of the Lair of Beasts
 16703 | Lair:3   | Received a gift from Okawaru
 16706 | Lair:3   | Got a steaming plate armour {god gift}
 16717 | Lair:3   | Identified the +1 plate armour of Wooroag {-Cast rC+ Regen+ Dex+2} (Okawaru gifted it to you on level 3 of the Lair of Beasts)
 16729 | Lair:3   | Found a dark tunnel.
 17252 | Lair:4   | Found a staircase to the Shoals.
 17298 | Lair:4   | Found a hole to the Spider Nest.
 17337 | Spider:1 | Entered Level 1 of the Spider Nest
 17381 | Spider:1 | Reached XP level 15. HP: 143/143 MP: 14/14
 17407 | Spider:1 | Reached skill level 19 in Axes
 17521 | Spider:1 | Noticed Donald
 17538 | Spider:1 | Killed Donald
 17843 | Spider:1 | Received a gift from Okawaru
 18366 | Spider:2 | Reached skill level 15 in Fighting
 18538 | Spider:2 | Reached skill level 15 in Armour
 18641 | Spider:2 | Found a frozen archway.
 18664 | IceCv    | Entered an ice cave
 18683 | IceCv    | Reached skill level 15 in Shields
 19326 | IceCv    | Got a warped hat
 19551 | Spider:2 | Identified the +2 hat of Mosialiv {rElec MR+ Stlth-} (You found it in an ice cave)
 19578 | Spider:2 | Reached skill level 20 in Axes
 20431 | Spider:3 | Noticed Laauton's ghost (adept MiBe)
 20444 | Spider:3 | Killed Laauton's ghost
 20444 | Spider:3 | Received a gift from Okawaru
 20529 | Spider:3 | Reached XP level 16. HP: 150/153 MP: 15/15
 21338 | Spider:4 | Entered Level 4 of the Spider Nest
 21542 | Spider:4 | Received a gift from Okawaru
 21562 | Spider:4 | Got a bone hand axe {god gift}
 21563 | Spider:4 | Identified the +4 hand axe of Juanguts {freeze, rC+ Int+2 Stlth-} (Okawaru gifted it to you on level 4 of the Spider Nest)
 21623 | Spider:4 | Noticed Nikola
 21637 | Spider:4 | Killed Nikola
 21776 | Spider:4 | Noticed Arachne
 21790 | Spider:4 | Noticed Jorgrun
 21807 | Spider:4 | HP: 1/155 [something (8)]
 21807 | Spider:4 | Slain by a ghost moth

Skill      XL: |  1  2  3  4  5  6  7  8  9 10 11 12 13 14 15 |
---------------+----------------------------------------------+-----
Axes           | 3 4 5 6 7 9 11 12 14 16 17 18 20 | 20.8
Fighting       | 4 5 6 7 8 9 11 12 13 14 15 | 15.8
Shields        | 4 5 6 7 8 9 11 12 13 14 15 | 15.9
Armour         | 4 5 7 8 9 10 11 13 14 15 | 15.8

Action                   |  1- 3 |  4- 6 |  7- 9 | 10-12 | 13-15 | 16-18 || total
-------------------------+-------+-------+-------+-------+-------+-------++-------
Melee: War axe           |    76 |    82 |   118 |       |       |       ||   276
       Headbutt          |    11 |    14 |    48 |   132 |   281 |    53 ||   539
       Broad axe         |       |       |   206 |   611 |  1006 |   177 ||  2000
Invok: Heroism           |       |     1 |     2 |     3 |     1 |       ||     7
  Use: Scroll            |       |       |    14 |    15 |    14 |       ||    43
       Potion            |       |       |       |    13 |       |       ||    13
  Eat: Chunk             |     2 |     6 |    10 |    13 |    23 |     3 ||    57
       Meat ration       |       |       |       |     1 |     1 |       ||     2
       Pizza             |       |       |       |       |     1 |     1 ||     2
Armor: Scale mail        |    36 |    31 |   111 |       |       |       ||   178
       Plate armour      |       |       |    30 |   313 |   451 |   181 ||   975
Dodge: Dodged            |    30 |    24 |    80 |   120 |   214 |    59 ||   527
Block: Shield            |    38 |    32 |   177 |   389 |   656 |   128 ||  1420
